BR
PUNTA CANA HUTIAS @ ONTARIO EMUS
10/06/2026
 
TOP OF THE 1ST
Punta Cana Hutias batting - Pitching for Ontario Emus : LHP Rick Davis
Pitching: LHP Rick Davis
Batting: SHB Ken Gibson 0-0: Called Strike
0-1: Ball
1-1: Ball
2-1: Called Strike
2-2: Strikes out swinging
Batting: RHB Rubén Hernández 0-0: Ball
1-0: Ball
2-0: Ball
3-0: Base on Balls
Batting: LHB Gustavo Gómez 0-0: Foul Ball, location: 2F
0-1: Called Strike
0-2: Strikes out swinging
Batting: LHB Henry Durham 0-0: Swinging Strike
0-1: Ball
1-1: Ball
2-1: Ball
3-1: Foul Ball, location: 2F
3-2: Foul Ball, location: 2F
3-2: Base on Balls
Rubén Hernández to second
Batting: RHB Carlos Ruíz 0-0: Called Strike
0-1: Foul Ball, location: 2F
0-2: Ball
1-2: Ball
2-2: Foul Ball, location: 2F
2-2: Fly out, F7 (Popup, 6MD)
Top of the 1st over - 0 run(s), 0 hit(s), 0 error(s), 2 left on base; Punta Cana 0 - Ontario 0
BOTTOM OF THE 1ST
Ontario Emus batting - Pitching for Punta Cana Hutias : RHP Josh Young
Pitching: RHP Josh Young
Batting: RHB Álex Ochoa 0-0: Fly out, F8 (Flyball, 8LM)
Batting: LHB Dave Raines 0-0: Called Strike
0-1: Ground out 3-1 (Groundball, 3)
Batting: RHB Álex Martínez 0-0: Called Strike
0-1: Ball
1-1: Foul Ball, location: 2F
1-2: Strikes out swinging
Bottom of the 1st over - 0 run(s), 0 hit(s), 0 error(s), 0 left on base; Punta Cana 0 - Ontario 0
TOP OF THE 2ND
Punta Cana Hutias batting - Pitching for Ontario Emus : LHP Rick Davis
Batting: SHB Alonso Contrera 0-0: Ground out 6-3 (Groundball, 6)
Batting: RHB Alberto García 0-0: Swinging Strike
0-1: Called Strike
0-2: Strikes out swinging
Batting: RHB Jason Fuller 0-0: Ball
1-0: Ball
2-0: Fly out, F7 (Flyball, 7LM)
Top of the 2nd over - 0 run(s), 0 hit(s), 0 error(s), 0 left on base; Punta Cana 0 - Ontario 0
BOTTOM OF THE 2ND
Ontario Emus batting - Pitching for Punta Cana Hutias : RHP Josh Young
Batting: SHB Darrel Lang 0-0: Ball
1-0: Ball
2-0: SOLO HOME RUN (Flyball, 89XD), Distance : 429 ft
Batting: LHB Elvin Summers 0-0: Ball
1-0: Called Strike
1-1: Ball
2-1: Ball
3-1: Foul Ball, location: 2F
3-2: Fly out, F7 (Line Drive, 7M)
Batting: RHB John Robertson 0-0: Foul Ball, location: 2F
0-1: Ball
1-1: Foul Ball, location: 2F
1-2: Ball
2-2: Ground out 4-3 (Groundball, 4)
Batting: RHB Albert Galindo 0-0: Called Strike
0-1: Called Strike
0-2: Ball
1-2: Strikes out swinging
Bottom of the 2nd over - 1 run(s), 1 hit(s), 0 error(s), 0 left on base; Punta Cana 0 - Ontario 1
TOP OF THE 3RD
Punta Cana Hutias batting - Pitching for Ontario Emus : LHP Rick Davis
Batting: LHB Marvin Nichols 0-0: Called Strike
0-1: Foul Ball, location: 2F
0-2: Foul Ball, location: 2F
0-2: Strikes out swinging
Batting: SHB Ken Gibson 0-0: Called Strike
0-1: Ball
1-1: Ball
2-1: Ground out 5-3 (Groundball, 56)
Batting: RHB Rubén Hernández 0-0: Ball
1-0: Called Strike
1-1: Ball
2-1: Ball
3-1: Fly out, F7 (Flyball, 78M)
Top of the 3rd over - 0 run(s), 0 hit(s), 0 error(s), 0 left on base; Punta Cana 0 - Ontario 1
BOTTOM OF THE 3RD
Ontario Emus batting - Pitching for Punta Cana Hutias : RHP Josh Young
Batting: RHB Jack Crossey 0-0: Called Strike
0-1: Ball
1-1: Foul Ball, location: 2F
1-2: Ball
2-2: Ball
3-2: Foul Ball, location: 2F
3-2: Foul Ball, location: 2F
3-2: Ground out 5-3 (Groundball, 5S)
Batting: RHB Glen Madden 0-0: Swinging Strike
0-1: Ball
1-1: Ball
2-1: Swinging Strike
2-2: Foul Ball, location: 2F
2-2: Foul Ball, location: 2F
2-2: Ball
3-2: Base on Balls
Batting: RHB Álex Ochoa 0-0: Swinging Strike
0-1: Ball
1-1: Called Strike
1-2: Strikes out swinging
Batting: LHB Dave Raines 0-0: Ball
Glen Madden is caught stealing 2nd base
Bottom of the 3rd over - 0 run(s), 0 hit(s), 0 error(s), 0 left on base; Punta Cana 0 - Ontario 1
TOP OF THE 4TH
Punta Cana Hutias batting - Pitching for Ontario Emus : LHP Rick Davis
Batting: LHB Gustavo Gómez 0-0: Ball
1-0: Ball
2-0: Fly out, F8 (Flyball, 8RXD)
Batting: LHB Henry Durham 0-0: Called Strike
0-1: Ball
1-1: Foul Ball, location: 2F
1-2: Fly out, F6 (Popup, 6M)
Batting: RHB Carlos Ruíz 0-0: Called Strike
0-1: Fly out, F8 (Flyball, 8RM)
Top of the 4th over - 0 run(s), 0 hit(s), 0 error(s), 0 left on base; Punta Cana 0 - Ontario 1
BOTTOM OF THE 4TH
Ontario Emus batting - Pitching for Punta Cana Hutias : RHP Josh Young
Batting: LHB Dave Raines 0-0: Called Strike
0-1: Ball
1-1: Ground out 6-3 (Groundball, 6M)
Batting: RHB Álex Martínez 0-0: Ball
1-0: DOUBLE (Line Drive, 9LS)
Batting: SHB Darrel Lang 0-0: Ground out 6-3 (Groundball, 6M)
Álex Martínez to third
Batting: LHB Elvin Summers 0-0: Ball
1-0: Called Strike
1-1: Ball
2-1: TRIPLE (Line Drive, 4MD)
Álex Martínez scores
Batting: RHB John Robertson 0-0: Swinging Strike
0-1: Fly out, F9 (Line Drive, 9M)
Bottom of the 4th over - 1 run(s), 2 hit(s), 0 error(s), 1 left on base; Punta Cana 0 - Ontario 2
TOP OF THE 5TH
Punta Cana Hutias batting - Pitching for Ontario Emus : LHP Rick Davis
Batting: SHB Alonso Contrera 0-0: Ball
1-0: Foul Ball, location: 2F
1-1: Ball
2-1: Ground out 4-3 (Groundball, 4)
Batting: RHB Alberto García 0-0: Swinging Strike
0-1: Foul Ball, location: 2F
0-2: Strikes out looking
Batting: RHB Jason Fuller 0-0: Ball
1-0: SINGLE (Groundball, 6M)
Batting: LHB Marvin Nichols 0-0: Called Strike
0-1: Swinging Strike
0-2: Ball
1-2: Strikes out swinging
Top of the 5th over - 0 run(s), 1 hit(s), 0 error(s), 1 left on base; Punta Cana 0 - Ontario 2
BOTTOM OF THE 5TH
Ontario Emus batting - Pitching for Punta Cana Hutias : RHP Josh Young
Batting: RHB Albert Galindo 0-0: Called Strike
0-1: Foul Ball, location: 2F
0-2: Ball
1-2: Ball
2-2: Foul Ball, location: 2F
2-2: Strikes out swinging
Batting: RHB Jack Crossey 0-0: Ball
1-0: SINGLE (Groundball, 56D)
Batting: RHB Glen Madden 0-0: Ball
1-0: Called Strike
1-1: Ball
2-1: Swinging Strike
2-2: Strikes out swinging
Batting: RHB Álex Ochoa 0-0: Foul Ball, location: 2F
0-1: Ball
1-1: Called Strike
1-2: Ball
2-2: Foul Ball, location: 2F
2-2: Strikes out swinging
Bottom of the 5th over - 0 run(s), 1 hit(s), 0 error(s), 1 left on base; Punta Cana 0 - Ontario 2
TOP OF THE 6TH
Punta Cana Hutias batting - Pitching for Ontario Emus : LHP Rick Davis
Batting: SHB Ken Gibson 0-0: Ball
1-0: Ball
2-0: Called Strike
2-1: Ball
3-1: Base on Balls
Batting: RHB Rubén Hernández 0-0: Called Strike
0-1: Fly out, F9 (Flyball, 9LS)
Batting: LHB Gustavo Gómez 0-0: Called Strike
0-1: Foul Ball, location: 2F
0-2: Ball
1-2: Strikes out swinging
Pitching: RHP Shaun Harris
Batting: LHB Henry Durham 0-0: Foul Ball, location: 2F
0-1: Ball
1-1: Swinging Strike
Ken Gibson is caught stealing 2nd base
Top of the 6th over - 0 run(s), 0 hit(s), 0 error(s), 0 left on base; Punta Cana 0 - Ontario 2
BOTTOM OF THE 6TH
Ontario Emus batting - Pitching for Punta Cana Hutias : RHP Josh Young
Batting: LHB Dave Raines 0-0: Ball
1-0: Fly out, F7 (Flyball, 78M)
Batting: RHB Álex Martínez 0-0: Fly out, F8 (Flyball, 78M)
Batting: SHB Darrel Lang 0-0: Foul Ball, location: 2F
0-1: Ball
1-1: Ball
2-1: Called Strike
2-2: Foul Ball, location: 2F
2-2: Fly out, F4 (Line Drive, 34)
Bottom of the 6th over - 0 run(s), 0 hit(s), 0 error(s), 0 left on base; Punta Cana 0 - Ontario 2
TOP OF THE 7TH
Punta Cana Hutias batting - Pitching for Ontario Emus : RHP Shaun Harris
Batting: LHB Henry Durham 0-0: Ground out 1-3 (Groundball, 15S)
Batting: RHB Carlos Ruíz 0-0: Ball
1-0: Ball
2-0: Swinging Strike
2-1: Ball
3-1: Foul Ball, location: 2F
3-2: Base on Balls
Pinch Runner at 1st Armando Arellano:
Batting: SHB Alonso Contrera 0-0: Ball
1-0: Called Strike
1-1: Ball
2-1: Called Strike
2-2: Ball
3-2: Base on Balls
Armando Arellano to second
Pitching: LHP Albert Martin
Batting: RHB Alberto García 0-0: Called Strike
0-1: Ball
1-1: Foul Ball, location: 2F
1-2: Foul Ball, location: 2F
1-2: Strikes out swinging
Pinch Hitting: LHB Jon Quinn 0-0: Called Strike
0-1: Ball
1-1: Ball
2-1: Fly out, F6 (Popup, 56D)
Top of the 7th over - 0 run(s), 0 hit(s), 0 error(s), 2 left on base; Punta Cana 0 - Ontario 2
BOTTOM OF THE 7TH
Ontario Emus batting - Pitching for Punta Cana Hutias : RHP Josh Young
Pitching: LHP Robert Dotson
Now at 2B: Armando Arellano
Now at 3B: Ron Campbell
Batting: LHB Elvin Summers 0-0: Ball
1-0: Called Strike
1-1: Ball
2-1: Called Strike
2-2: Ball
3-2: Base on Balls
Batting: RHB John Robertson 0-0: SINGLE (Groundball, 6)
Elvin Summers to second
Pinch Hitting: SHB César Maldonado 0-0: Sac Bunt - play at first, batter OUT! 4-3
Elvin Summers to third
John Robertson to second
Batting: RHB Jack Crossey Reached via error on a dropped throw, E3
Elvin Summers scores
John Robertson to third
Batting: RHB Glen Madden 0-0: Called Strike
0-1: Ball
1-1: Called Strike
1-2: Strikes out swinging
Batting: RHB Álex Ochoa 0-0: Swinging Strike
0-1: Reached on error, E6 (Groundball, 6)
John Robertson scores
Jack Crossey to second
Batting: LHB Dave Raines 0-0: Ball
1-0: Foul Ball, location: 2F
1-1: Foul Ball, location: 2F
1-2: Foul Ball, location: 2F
1-2: Foul Ball, location: 2F
1-2: DOUBLE (Line Drive, 8LM)
Jack Crossey scores
Álex Ochoa to third
Pitching: RHP Ed Castillo
Batting: RHB Álex Martínez 0-0: DOUBLE (Line Drive, 7LM)
Álex Ochoa scores
Dave Raines scores
Batting: SHB Darrel Lang 0-0: Ground out 4-3 (Groundball, 4)
Bottom of the 7th over - 5 run(s), 3 hit(s), 2 error(s), 1 left on base; Punta Cana 0 - Ontario 7
TOP OF THE 8TH
Punta Cana Hutias batting - Pitching for Ontario Emus : LHP Albert Martin
Now in CF: César Maldonado
Batting: LHB Marvin Nichols 0-0: Ball
1-0: Swinging Strike
1-1: Fly out, F7 (Flyball, 78S)
Batting: SHB Ken Gibson 0-0: Ball
1-0: Ball
2-0: Called Strike
2-1: Swinging Strike
2-2: Foul Ball, location: 2F
2-2: Strikes out swinging
Batting: RHB Rubén Hernández 0-0: Ball
1-0: Foul Ball, location: 2F
1-1: Swinging Strike
1-2: Ball
2-2: Ball
3-2: Base on Balls
Batting: LHB Gustavo Gómez 0-0: Ball
1-0: Called Strike
1-1: Foul Ball, location: 2F
1-2: Ball
2-2: Ball
3-2: Fly out, F8 (Popup, 6MD)
Top of the 8th over - 0 run(s), 0 hit(s), 0 error(s), 1 left on base; Punta Cana 0 - Ontario 7
BOTTOM OF THE 8TH
Ontario Emus batting - Pitching for Punta Cana Hutias : RHP Ed Castillo
Batting: LHB Elvin Summers 0-0: Called Strike
0-1: Swinging Strike
0-2: Fly out, F7 (Flyball, 7LM)
Batting: RHB John Robertson 0-0: Ball
1-0: Ground out 4-3 (Groundball, 4M)
Batting: SHB César Maldonado 0-0: Foul Ball, location: 2F
0-1: Fly out, F7 (Line Drive, 7M)
Bottom of the 8th over - 0 run(s), 0 hit(s), 0 error(s), 0 left on base; Punta Cana 0 - Ontario 7
TOP OF THE 9TH
Punta Cana Hutias batting - Pitching for Ontario Emus : LHP Albert Martin
Batting: LHB Henry Durham 0-0: Fly out, F9 (Flyball, 89M)
Batting: RHB Armando Arellano 0-0: Ground out 6-3 (Groundball, 6)
Batting: SHB Alonso Contrera 0-0: Ball
1-0: Swinging Strike
1-1: Ball
2-1: Foul Ball, location: 2F
2-2: SINGLE (Groundball, 56)
Batting: RHB Alberto García 0-0: Foul Ball, location: 2F
0-1: Ball
1-1: Foul Ball, location: 2F
1-2: Foul Ball, location: 2F
1-2: Strikes out swinging
Top of the 9th over - 0 run(s), 1 hit(s), 0 error(s), 1 left on base; Punta Cana 0 - Ontario 7
Monday, December 5th, 2016 - OOTP Baseball 17.12 Build 75